 Dungeon Crawl Stone Soup version 0.21-a0-513-gdcb3f5e (webtiles) character file.

212 Laiders the Changer (level 5, -8/37 HPs)
             Began as a Merfolk Transmuter on Dec 1, 2017.
             Mangled by an iguana (10 damage)
             ... on level 4 of the Dungeon.
             The game lasted 00:06:55 (3890 turns).

Laiders the Changer (Merfolk Transmuter)            Turns: 3890, Time: 00:06:56

Health: -8/37      AC:  5    Str: 10    XL:     5   Next: 89%
Magic:  9/9        EV: 13    Int: 13    God:
Gold:   144        SH:  0    Dex: 15    Spells: 0/10 levels left

rFire    . . .     SeeInvis .     - Unarmed
rCold    . . .     Gourm    .   (no shield)
rNeg     . . .     Faith    .   h - +2 robe {MR+}
rPois    .         Spirit   .   (no helmet)
rElec    .         Reflect  .   y - +0 cloak
rCorr    .         Harm     .   (no gloves)
MR       +....                  (no boots)
Stlth    +.........             (no amulet)
HPRegen  0.12/turn              (no ring)
MPRegen  0.11/turn              (no ring)

@: no status effects
A: change form in water, swift swim, stealthy swim
a: no special abilities


You were on level 4 of the Dungeon.
You were not hungry.

You visited 1 branch of the dungeon, and saw 4 of its levels.

You collected 144 gold pieces.

Inventory:

Missiles
 a - 42 arrows
Armour
 h - a +2 robe of magic resistance (worn)
 i - a +0 helmet
 y - a +0 cloak (worn)
Jewellery
 e - an uncursed ring of protection from fire
Scrolls
 j - a scroll of random uselessness {unknown}
 l - a scroll of identify {unknown}
 m - a scroll of fear {unknown}
 o - a scroll of magic mapping {unknown}
 p - 2 scrolls of teleportation
 t - a scroll of enchant armour {unknown}
 u - a scroll of blinking {unknown}
 z - a scroll of enchant weapon {unknown}
Potions
 f - 2 potions of degeneration {unknown}
 g - a potion of cancellation
 k - a potion of heal wounds
 n - 2 potions of curing {unknown}
 q - 2 potions of ambrosia {unknown}
 r - a potion of might {unknown}
 x - a potion of haste {unknown}
Books
 c - a book of Changes

   Spells                             Type                      Level
   a - Beastly Appendage              Transmutation                1
   b - Sticks to Snakes               Transmutation                2
   c - Spider Form                    Transmutation/Poison         3
   d - Ice Form                       Ice/Transmutation            4
   e - Blade Hands                    Transmutation                5
 w - a book of Cantrips

   Spells                             Type                      Level
   a - Confusing Touch                Hexes                        1
   b - Animate Skeleton               Necromancy                   1
   c - Summon Small Mammal            Summoning                    1
   d - Apportation                    Translocation                1
Comestibles
 d - 4 bread rations
 s - 2 meat rations
 v - a royal jelly


   Skills:
 - Level 1.1 Fighting
 - Level 2.6 Dodging
 + Level 4.6 Unarmed Combat
 + Level 3.2 Spellcasting
 + Level 4.7 Transmutations
 + Level 1.9 Poison Magic


You couldn't memorise any spells.
You knew the following spells:

 Your Spells              Type           Power        Failure   Level  Hunger
a - Beastly Appendage     Tmut           ##....       3%          1    #......
b - Sticks to Snakes      Tmut           ##......     4%          2    ##.....
c - Spider Form           Tmut/Pois      ##........   17%         3    ###....
d - Ice Form              Ice/Tmut       #.......     63%         4    #####..


Dungeon Overview and Level Annotations

Branches:
Dungeon (4/15)
 Temple: D:4-7

Altars:


Message History

You hit the iguana.
The iguana is heavily wounded.
The iguana bites you.
You closely miss the iguana.
The iguana is heavily wounded.
The iguana misses you.
You closely miss the iguana.
The iguana is heavily wounded.
The iguana bites you but does no damage.
You hit the iguana.
The iguana is severely wounded.
The iguana bites you.
You barely miss the iguana.
The iguana is severely wounded.
The iguana bites you!
* * * LOW HITPOINT WARNING * * *
You hit the iguana.
The iguana is almost dead.
The iguana bites you!
You die...

#..........
#.......................
#..............!........
........................
...............
...............
...............
.......l.......
.......@......?
...............
...............
...............
...............
...............
...............
...............
...............


You could see an iguana.

Vanquished Creatures
  Jessica (D:3)
  Natasha (twice) (D:3)
  5 adders
  2 worms (D:2)
  6 dart slugs
  5 giant cockroaches
  9 goblins
  6 hobgoblins
  4 jackals
  2 quokkas
  A ball python (D:3)
  6 bats (D:2)
  5 frilled lizards
  6 kobolds
  10 rats
70 creatures vanquished.

Vanquished Creatures (collateral kills)
  2 dart slugs (D:2)
  A hobgoblin (D:2)
3 creatures vanquished.

Vanquished Creatures (others)
  A kobold (D:2)
1 creature vanquished.

Grand Total: 74 creatures vanquished

Notes
Turn   | Place    | Note
-------+----------+-------------------------------------------
     0 | D:1      | Laiders the Merfolk Transmuter began the quest for the Orb.
     0 | D:1      | Reached XP level 1. HP: 15/15 MP: 3/3
   317 | D:1      | Reached XP level 2. HP: 15/21 MP: 5/5
  1084 | D:1      | Learned a level 2 spell: Sticks to Snakes
  1148 | D:2      | Reached XP level 3. HP: 19/26 MP: 6/6
  1826 | D:2      | Learned a level 3 spell: Spider Form
  2021 | D:2      | Reached XP level 4. HP: 29/32 MP: 8/8
  2685 | D:3      | Noticed Jessica
  2697 | D:3      | Killed Jessica
  2697 | D:3      | Reached skill level 1 in Poison Magic
  2706 | D:3      | Reached XP level 5. HP: 23/37 MP: 9/9
  2868 | D:3      | Learned a level 4 spell: Ice Form
  3309 | D:3      | Noticed Natasha
  3316 | D:3      | Killed Natasha
  3710 | D:3      | Noticed Natasha
  3718 | D:3      | Killed Natasha
  3890 | D:4      | Mangled by an iguana

Vault maps used:
D:1:      lemuel_arrival_tunnels
D:2:      hangedman_decor_growths, minmay_tiny_reverse_x
D:3:      uniq_jessica, uniq_natasha
D:4:      first_bread

Skill      XL: |  1  2  3  4  5 |
---------------+----------------+-----
Transmutations | 3 4 |  4.7
Unarmed Combat | 4 |  4.6
Poison Magic   | 1 |  1.9
Spellcasting   | 3 |  3.2
Fighting       | |  1.1
Dodging        | |  2.6

Action                   |  1- 3 |  4- 6 || total
-------------------------+-------+-------++-------
Melee: Unarmed           |   132 |   127 ||   259
       Headbutt          |     5 |     1 ||     6
       Punch             |     2 |     2 ||     4
 Cast: Beastly Appendage |     2 |     3 ||     5
       Sticks to Snakes  |     1 |       ||     1
       Spider Form       |       |     1 ||     1
  Use: Potion            |     2 |       ||     2
       Scroll            |       |     1 ||     1
 Stab: Sleeping          |     2 |     3 ||     5
  Eat: Chunk             |     4 |     6 ||    10
Armor: Robe              |    31 |    20 ||    51
Dodge: Dodged            |   100 |    74 ||   174

Table legend:
 A = Spawn XP
 B = Non-spawn XP
 C = Spawn XP percentage of total XP
 D = Spawn monster count
 E = Non-spawn monster count
 F = Spawn count percentage of total count
 G = Total turns spent on level
                    A         B        C        D         E        F      G
               +---------+---------+-------+---------+---------+-------+---------
         Total |       0 |     303 |   0.0 |       0 |      74 |   0.0 |  3890
               +---------+---------+-------+---------+---------+-------+---------
           D:1 |       0 |      19 |   0.0 |       0 |      12 |   0.0 |  1101
           D:2 |       0 |      98 |   0.0 |       0 |      35 |   0.0 |  1425
           D:3 |       0 |     186 |   0.0 |       0 |      27 |   0.0 |  1326
               +---------+---------+-------+---------+---------+-------+---------
